 Dungeon Sprint DCSS version 0.17-a0-1748-g222fba8 (webtiles) character file.

651 hexophile the Thaumaturge (level 7, -12/36 HPs)
             Began as a Deep Elf Wizard on Sept 1, 2015.
             Was a Believer of Vehumet.
             Killed from afar by a purple draconian (30 damage)
             ... with a bolt of dispelling energy
             ... in the Dungeon (Sprint V: "Ziggurat Sprint").
             The game lasted 00:04:03 (232 turns).

hexophile the Thaumaturge (Deep Elf Wizard)          Turns: 232, Time: 00:04:03

Health: -12/36     AC:  2    Str:  4    XL:     7   Next: 28%
Magic:  15/32      EV: 12    Int: 31    God:    Vehumet [**....]
Gold:   0          SH:  0    Dex: 13    Spells: 6 memorised, 15 levels left

rFire  . . .     SeeInvis .     N - +6 Majin-Bo {vamp, Archmagi MP+6 Int+6}
rCold  . . .     Clarity  .     a - +0 robe
rNeg   . . .     SustAt   .     (no shield)
rPois  .         Gourm    .     b - +0 hat
rElec  .         Spirit   .     (no cloak)
rCorr  .         Warding  .     (no gloves)
rMut   .         NoTele   +     (no boots)
MR     .....                    (no amulet)
Stlth  ++........               (no ring)
                                (no ring)

@: not resistant to hostile enchantments, unstealthy
A: no striking features
a: Renounce Religion


You were in the Dungeon.
You worshipped Vehumet.
Vehumet was pleased with you.
You were not hungry.

You visited 1 branch

Inventory:

Hand weapons
 N - the +6 Majin-Bo (weapon) {vamp, Archmagi MP+6 Int+6}
   (You found it in the Dungeon)

   It inflicts no extra harm, but heals its wielder somewhat when it strikes a
   living foe.
   It affects your intelligence (+6).
   It affects your magic capacity (+6).
Armour
 a - a +0 robe (worn)
 b - a +0 hat (worn)
 k - a +5 storm dragon armour
Magical staves
 E - an uncursed staff of energy
 O - an uncursed staff of power
Jewellery
 G - a +6 ring of dexterity
 H - a +6 ring of dexterity
 I - a +6 ring of intelligence
 J - a +6 ring of intelligence
 K - a +6 ring of strength
 L - a +6 ring of strength
Magical devices
 y - a wand of disintegration (7)
 B - a wand of fire (1)
 C - a wand of cold (5)
 D - a wand of draining (4)
Scrolls
 j - 4 scrolls of blinking
 n - 4 scrolls of amnesia
 o - 3 scrolls of recharging
 p - 7 scrolls of fog
 q - a scroll of holy word
 r - 5 scrolls of identify
 s - 5 scrolls of remove curse
 t - 2 scrolls of fear
Potions
 e - 10 potions of curing
 f - 10 potions of heal wounds
 g - 6 potions of haste
 h - 7 potions of magic
 i - 3 potions of berserk rage
 u - 2 potions of brilliance
 v - 2 potions of invisibility
 w - 4 potions of resistance
 z - 5 potions of agility
 A - 5 potions of might
Books
 c - a book of Minor Magic

   Spells                             Type                      Level
   a - Magic Dart                     Conjuration                  1
   b - Blink                          Translocation                2
   c - Call Imp                       Summoning                    2
   d - Repel Missiles                 Charms/Air                   2
   e - Slow                           Hexes                        2
   f - Conjure Flame                  Conjuration/Fire             3
   g - Mephitic Cloud                 Conjuration/Poison/Air       3
 x - hexophile's Incunabulum of Dusty Confrontation
   (You acquired it in the Dungeon)

   Spells                             Type                      Level
   a - Sting                          Conjuration/Poison           1
   b - Searing Ray                    Conjuration                  2
   c - Dazzling Spray                 Conjuration/Hexes            3
   d - Stone Arrow                    Conjuration/Earth            3
   e - Fireball                       Conjuration/Fire             5
   f - Iron Shot                      Conjuration/Earth            6
Miscellaneous
 F - a crystal ball of energy
 M - a disc of storms
Comestibles
 d - 5 bread rations
 l - 38 fruits
 m - 4 meat rations


   Skills:
 - Level 2.4 Dodging
 - Level 2.4 Stealth
 * Level 14.0 Spellcasting
 * Level 11.7 Conjurations
   Level 1.1 Summonings
 - Level 1.1 Translocations
 * Level 5.7 Fire Magic


You had 15 spell levels left.
You knew the following spells:

 Your Spells              Type           Power        Failure   Level  Hunger
a - Magic Dart            Conj           ####         1%          1    None
b - Blink                 Tloc           N/A          1%          2    None
c - Repel Missiles        Chrm/Air       ####..       3%          2    None
d - Fireball              Conj/Fire      #######...   1%          5    None
e - Iron Shot             Conj/Erth      ######....   34%         6    ###....
f - Mephitic Cloud        Conj/Pois/Air  ######..     1%          3    None


Dungeon Overview and Level Annotations

Branches:
Dungeon (1/1)

Altars:
Ashenzari
Cheibriados
Dithmenos
Elyvilon
Fedhas
Gozag
Kikubaaqudgha
Makhleb
Nemelex Xobeh
Okawaru
Qazlal
Ru
Sif Muna
Trog
Vehumet
Xom
Yredelemnul
Zin
The Shining One
Beogh
Jiyva
Lugonu


Message History

Press: ? - help, Shift-Dir - straight line, f/p - purple draconian
Aim: a purple draconian, wielding a hand axe (moderately wounded)
You feel a surge of power!
The fireball explodes!
The fireball engulfs the purple draconian.
The purple draconian is moderately wounded.
The fireball engulfs the draconian.
The draconian is severely wounded.
The fireball engulfs the draconian.
You kill the draconian!
Vehumet accepts your kill.
You feel your power returning.
Your Spellcasting skill gained 2 levels and is now at level 14!
Your Conjurations skill increases to level 11!
Your Fire Magic skill gained 5 levels and is now at level 5!
You have reached level 7!
You hear a distant slurping noise.
The purple draconian breathes dispelling energy at you.
The bolt of dispelling energy hits you!
Ouch! That really hurt!
You die...

▓▓▓▓▓▓▓▓▓▓▓▓▓▓▓▓▓▓▓
▓.8©8.▓.8©8.▓.8©8.▓
▓.:=).▓..}..▓.....▓
▓..:..▓.....▓.|.).▓
▓.dd..▓.....▓.....▓
▓..)d.▓.....▓.....▓
▓.....▓..†..▓.....▓
▓..@..▓.....▓▓▓▓▓▓▓
▓▓▓▓▓▓▓▓▓▓▓▓▓


You could see a mottled draconian, a purple draconian and a draconian.

Vanquished Creatures
  A draconian (D)
  A water moccasin (D)
  2 black bears (D)
  2 ball pythons (D)
6 creatures vanquished.

Vanquished Creatures (others)
  2 azure jellies (D)
  2 death oozes (D)
  Josephine (D)
  Urug (D)
  A spatial maelstrom (D)
  Maurice (D)
  Blork the orc (D)
  Terence (D)
10 creatures vanquished.

Grand Total: 16 creatures vanquished

Notes
Turn   | Place    | Note
--------------------------------------------------------------
     0 | D        | hexophile the Deep Elf Wizard began the quest for the Orb.
     0 | D        | Reached XP level 1. HP: 10/10 MP: 7/7
     3 | D        | Found an iron altar of Okawaru.
     3 | D        | Found a radiant altar of Vehumet.
     3 | D        | Found a shimmering altar of Xom.
     3 | D        | Found a burning altar of Makhleb.
     7 | D        | Banished a spatial maelstrom
    22 | D        | Found a deep blue altar of Sif Muna.
    24 | D        | Found a corrupted altar of Lugonu.
    24 | D        | Found a white marble altar of Elyvilon.
    24 | D        | Found a roughly hewn altar of Beogh.
    24 | D        | Found a sparkling altar of Nemelex Xobeh.
    24 | D        | Found a viscous altar of Jiyva.
    24 | D        | Found a bloodstained altar of Trog.
    88 | D        | Killed Maurice
    94 | D        | Killed Terence
    96 | D        | Killed a death ooze
   108 | D        | Reached skill level 8 in Spellcasting
   108 | D        | Reached skill level 5 in Conjurations
   108 | D        | Reached XP level 2. HP: 15/15 MP: 13/13
   119 | D        | Became a worshipper of Vehumet
   128 | D        | Learned a level 2 spell: Blink
   131 | D        | Learned a level 2 spell: Repel Missiles
   132 | D        | Killed Josephine
   135 | D        | Killed Blork the orc
   153 | D        | Entered arena 1.
   153 | D        | Noticed a black bear
   153 | D        | Noticed a black bear
   155 | D        | Killed a black bear
   155 | D        | Reached skill level 10 in Spellcasting
   155 | D        | Reached XP level 3. HP: 19/19 MP: 16/16
   155 | D        | Reached XP level 4. HP: 24/24 MP: 18/18
   156 | D        | Killed a black bear
   156 | D        | Reached skill level 11 in Spellcasting
   156 | D        | Reached XP level 5. HP: 28/28 MP: 21/21
   161 | D        | Killed Urug
   185 | D        | Entered arena 2.
   185 | D        | Noticed a water moccasin
   189 | D        | Killed a water moccasin
   189 | D        | Acquired Vehumet's first power
   189 | D        | Offered knowledge of Freeze by Vehumet.
   189 | D        | Reached skill level 12 in Spellcasting
   189 | D        | Reached skill level 10 in Conjurations
   189 | D        | Reached XP level 6. HP: 29/32 MP: 23/23
   200 | D        | Killed a death ooze
   201 | D        | Identified hexophile's Incunabulum of Dusty Confrontation (You acquired it in the Dungeon)
   204 | D        | Killed an azure jelly
   209 | D        | Learned a level 5 spell: Fireball
   216 | D        | Learned a level 6 spell: Iron Shot
   219 | D        | Killed an azure jelly
   220 | D        | Learned a level 3 spell: Mephitic Cloud
   229 | D        | Entered arena 3.
   229 | D        | Noticed a draconian
   229 | D        | Noticed a purple draconian
   229 | D        | Noticed a mottled draconian
   229 | D        | Noticed a draconian
   232 | D        | Killed a draconian
   232 | D        | Reached skill level 14 in Spellcasting
   232 | D        | Reached skill level 5 in Fire Magic
   232 | D        | Reached XP level 7. HP: 23/36 MP: 15/26
   232 | D        | Killed from afar by a purple draconian

Vault maps used:
D:        sprint_v

Action                   |  1- 3 |  4- 6 |  7- 9 || total
-------------------------+-------+-------+-------++-------
 Cast: Magic Dart        |       |     4 |       ||     4
       Fireball          |       |     2 |     1 ||     3
Evoke: Wand              |     1 |     4 |       ||     5
  Use: Potion            |     1 |       |       ||     1
       Scroll            |       |     1 |       ||     1
  Eat: Fruit             |     4 |       |       ||     4
